 Dungeon Crawl Stone Soup version 0.29.1-14-g9c671dbff4 (webtiles) character file.

Game seed: 11129794443900729406

225 croobank the Sneak (level 6, -5/43 HPs)
             Began as an Octopode Delver on Feb 13, 2023.
             Shot with an arrow by a centaur (10 damage)
             ... on level 5 of the Dungeon.
             The game lasted 00:09:08 (3888 turns).

croobank the Sneak (Octopode Delver)                Turns: 3888, Time: 00:09:09

Health: -5/43      AC:  1    Str: 19    XL:     6   Next: 1%
Magic:  7/7        EV: 15    Int: 13    God:
Gold:   246        SH:  0    Dex: 25    Spells: 4/7 levels left

rFire   . . .      SeeInvis .   a - +0 hand axe
rCold   + . .      Faith    .   (no shield)
rNeg    . . .      Spirit   .   (helmet restricted)
rPois   .          Reflect  .   C - amulet of magic regeneration
rElec   .          Harm     .   d - +6 ring of strength
rCorr   .          Rampage  .   s - ring of protection from cold
Will    .....                   u - +6 ring of dexterity
Stlth   +++++.....              D - +6 ring of dexterity
HPRegen 0.14/turn               (no ring)
MPRegen 0.50/turn               (no ring)
                                (no ring)
                                (no ring)

@: flying
A: almost no armour, amphibious, 8 rings, camouflage 1, gelatinous body 1,
(nimble swimmer 1), tentacles
a: no special abilities


You were on level 5 of the Dungeon.
You visited 1 branch of the dungeon, and saw 7 of its levels.

You collected 246 gold pieces.

Inventory:

Hand Weapons
 a - a +0 hand axe (weapon)
 j - a +0 rapier
 o - a +0 flail
 r - a +0 dagger of venom
 B - a +0 long sword
 E - a +0 rapier of flaming
 F - a +0 trident
Missiles
 l - 15 poisoned darts (quivered)
 w - 4 atropa-tipped darts
 y - 5 boomerangs
Magical Staves
 m - a staff of earth
 A - a staff of air
Jewellery
 d - a +6 ring of strength (left tentacle)
 s - a ring of protection from cold (right tentacle)
 u - a +6 ring of dexterity (on tentacle)
 C - an amulet of magic regeneration (around mantle)
 D - a +6 ring of dexterity (on tentacle)
Wands
 f - a wand of digging (3)
 H - a wand of flame (21)
Scrolls
 b - 2 scrolls of fog
 c - a scroll of blinking {unknown}
 g - 7 scrolls of identify {unknown}
 i - 4 scrolls of teleportation
 k - a scroll of vulnerability {unknown}
 x - a scroll of poison {unknown}
 G - a scroll of amnesia {unknown}
Potions
 e - a potion of haste
 n - 2 potions of heal wounds {unknown}
 p - a potion of invisibility {unknown}
 q - a potion of berserk rage {unknown}
 t - 3 potions of mutation {unknown}
 v - 2 potions of curing {unknown}
 z - a potion of brilliance {unknown}


   Skills:
 + Level 3.9 Fighting
 + Level 3.2 Axes
 + Level 3.2 Dodging
 + Level 7.6 Stealth
 + Level 1.0 Spellcasting
 + Level 1.1 Hexes


You had 4 spell levels left.
You knew the following spells:

 Your Spells              Type           Power      Damage    Failure   Level
a - Confusing Touch       Hex            3%         N/A       47%         3

Your spell library contained the following spells:

 Spells                   Type           Power      Damage    Failure   Level
 Yara's Violent Unravell  Hex/Tmut       1%         3d3       99%         5
 Enfeeble                 Hex            1%         N/A       100%        7


Dungeon Overview and Level Annotations

Branches:
Dungeon (7/15)
 Temple: D:4-7

Altars:
Gozag

Shops:
D:2 [   D:3 [

Annotations:
D:4 1 runed translucent door, Crazy Yiuf


Innate Abilities, Weirdness & Mutations

You cannot wear most types of armour.
You are amphibious.
You can wear up to eight rings at the same time.
Your skin changes colour to match your surroundings (Stealth+).
Your rubbery body absorbs attacks. (AC +1, EV +1)
((You are camouflaged when in or above water. (Stealth+)))
You have tentacles for arms and can constrict up to eight enemies at once.


Message History

You slide downwards.
The hatch slams shut behind you.
Found 11 gold pieces.
Found a wand of flame (8).
The helpless scorpion fails to defend itself.
You hit the scorpion. You grab the scorpion.
The scorpion is lightly wounded.
You constrict the scorpion. The scorpion closely misses you.
You hit the scorpion.
The scorpion is heavily wounded.
You constrict the scorpion. The scorpion completely misses you.
The scorpion barely misses you.
You barely miss the scorpion.
The scorpion is severely wounded.
You constrict the scorpion, but do no damage.
The scorpion barely misses you.
You hit the scorpion but do no damage.
The scorpion is severely wounded.
You constrict the scorpion. The scorpion stings you.
You are poisoned.
The scorpion poisons you! The scorpion barely misses you.
You hit the scorpion.
You kill the scorpion!
You feel sick.
Your Spellcasting skill increases to level 1!
Your Hexes skill increases to level 1!
You have reached level 6!
You start resting.
You feel sick. x3
Magic restored.
You feel sick.
You start resting.
You feel sick. x2
You are no longer poisoned.
You start resting.
A centaur is nearby!
The gnoll shouts!
You hear a shout!
The centaur shoots an arrow.
The arrow hits you!
* * * LOW HITPOINT WARNING * * *
It was a potion of flight.
You feel very buoyant.
You fly up into the air.
The centaur shoots an arrow.
The arrow misses you.
The centaur shoots an arrow.
The arrow hits you!
You die...

# # ######* ### #..#..### ##..
#.......# #... ##.#....###
##... *,#......## ##....
****##......# ##....#
**,,*#..@....# #..#...
*........##$.#** #...#..
***.........,....# #......
****,,....#g.#.c....#***##.#..
*,*,,*#.....#*...c./..,,#.....
**,,,,*#.....,*#.##............
*,,,,,,......,,,..*,,,,##.##...
*,,,,,,,#.##.,**#..,,,,,#*#....
****,,,,,,**,,,**
***,*,,,,......


You could see a centaur and a gnoll.

Vanquished Creatures
  2 scorpions (D:5)
  An orc priest (D:4)
  3 adders (D:4)
  An ufetubus (D:5)
  A dart slug (D:1)
  5 orcs
  2 ball pythons
  3 endoplasms
  A giant cockroach (D:1)
  5 goblins
  2 hobgoblins (D:2)
  A jackal (D:1)
  5 quokkas
  4 bats
  2 frilled lizards (D:2)
  2 kobolds (D:2)
  2 rats
42 creatures vanquished.

Notes
Turn   | Place    | Note
-------+----------+-------------------------------------------
     0 | D:5      | croobank the Octopode Delver began the quest for the Orb.
     0 | D:5      | Reached XP level 1. HP: 16/16 MP: 1/1
    21 | D:6      | Noticed a black bear
   178 | D:6      | Noticed an orc wizard
   489 | D:6      | Found an opulent altar of Gozag.
   494 | D:6      | Noticed an iguana
   659 | D:5      | Reached XP level 2. HP: 13/21 MP: 2/2
   775 | D:5      | Noticed a centaur
   795 | D:5      | Noticed a necrophage
   802 | D:5      | Noticed an ogre
   808 | D:5      | Noticed a scorpion
   821 | D:5      | Killed a scorpion
   822 | D:5      | Reached skill level 7 in Stealth
   822 | D:5      | Reached XP level 3. HP: 10/26 MP: 3/3
   822 | D:5      | Reached XP level 4. HP: 12/31 MP: 4/4
  1054 | D:3      | Found Zidyud's Armour Boutique.
  1171 | D:2      | Found Cinlicah's Armour Shop.
  2041 | D:1      | Learned a level 3 spell: Confusing Touch
  2710 | D:3      | Found a faded altar of an unknown god.
  3282 | D:4      | Found a runed translucent door.
  3283 | D:4      | Noticed Crazy Yiuf
  3459 | D:4      | Reached XP level 5. HP: 37/37 MP: 5/5
  3841 | D:4      | Noticed an ogre
  3867 | D:5      | Reached skill level 1 in Spellcasting
  3867 | D:5      | Reached skill level 1 in Hexes
  3867 | D:5      | Reached XP level 6. HP: 16/43 MP: 5/7
  3888 | D:5      | Shot with an arrow by a centaur

Illustrated notes

Levels and vault maps discovered:
D:1:      nicolae_arrival_memento_mori, layout_basic, st_stairs_8,
          glass_columns_a, minmay_pentomino_z2
D:2:      layout_rooms, serial_shops, shop
D:3:      layout_basic, serial_shops, nicolae_diamond_shop,
          shapermc_ecumenical_altar_totnotflames, dreamdust_princess_bridge
D:4:      layout_loops_corners, uniq_crazy_yiuf_cottage
D:5:      cheibrodos_fzero, layout_cave_pools, yredelemnul_altar_generic,
          water_maze_lemuel
D:6:      layout_basic, nicolae_overflow_crystal_walls, chei_slow_surprise
D:7:      layout_basic, mainiacjoe_overflow_boulevard,
          chequers_temple_overflow_statue_of_worship,
          minmay_temple_entry_enclosed_plants, chequers_serial_rivers_micro_a

Skill      XL: |  1  2  3  4  5 |
---------------+----------------+-----
Stealth        | 7 |  7.6
Axes           | 3 |  3.2
Dodging        | 3 |  3.2
Spellcasting   | 1 |  1.0
Hexes          | 1 |  1.1
Fighting       | |  3.9

Action                   |  1- 3 |  4- 6 || total
-------------------------+-------+-------++-------
Melee: Hand axe          |    10 |    59 ||    69
       Constrict         |     4 |    15 ||    19
       Tentacles         |     1 |    13 ||    14
       Punch             |       |     1 ||     1
  Use: Scroll            |     5 |       ||     5
       Potion            |     1 |     1 ||     2
 Stab: Sleeping          |       |    20 ||    20
Armor: Skin              |     1 |     7 ||     8
Dodge: Dodged            |    12 |    25 ||    37
